 Dungeon Crawl Stone Soup version 0.24.0 (webtiles) character file.

Game seed: 88044484827598755, levelgen mode: deterministic

72998 Trogdor the Carver (level 15, -2/142 HPs)
             Began as a Deep Dwarf Chaos Knight on May 17, 2020.
             Was the Champion of Makhleb.
             Slain by an entropy weaver (9 damage)
             ... on level 1 of the Spider Nest.
             The game lasted 02:09:44 (18115 turns).

Trogdor the Carver (Deep Dwarf Chaos Knight)       Turns: 18115, Time: 02:09:44

Health: -2/142     AC:  8    Str: 25    XL:     15   Next: 2%
Magic:  26/26 (17) EV:  6    Int: 13    God:    Makhleb [******]
Gold:   2129       SH:  0    Dex: 14    Spells: 14/14 levels left

rFire    + . .     SeeInvis .   g - +10 long sword of Generosity {speed, Str+3}
rCold    + + .     Gourm    .   S - +0 buckler
rNeg     + . .     Faith    .   F - +0 plate armour {rC+}
rPois    +         Spirit   .   X - +0 helmet "Oqoab" {rElec MP+9} (curse)
rElec    +         Reflect  .   m - scarf {rC+ rF+}
rCorr    .         Harm     .   (no gloves)
MR       ++...                  f - +0 pair of boots
Stlth    ..........             A - amulet of the acrobat
HPRegen  0.00/turn              Y - +3 ring of protection
MPRegen  0.20/turn              T - ring of poison resistance

@: lethally poisoned (-2 -> -11), corroded, held, non-regenerating
A: damage resistance, heal wounds, thin skeletal structure 1, mutation
resistance 1, negative energy resistance 1, sense surroundings 2, no
regeneration
a: Heal Wounds, Minor Destruction, Lesser Servant of Makhleb, Major Destruction,
Greater Servant of Makhleb, Renounce Religion


You were on level 1 of the Spider Nest.
You worshipped Makhleb.
Makhleb was exalted by your worship.
You were not hungry.

You visited 4 branches of the dungeon, and saw 20 of its levels.
You also visited: Ossuary.

You collected 2129 gold pieces.

Inventory:

Hand Weapons
 e - the +9 scimitar of Darkness {pain, rC++ Int-2 Dex+3}
   (You took it off an orc priest on level 2 of the Orcish Mines)

   In the hands of one skilled in necromantic magic, it inflicts extra damage on
   living creatures.
   It affects your intelligence (-2).
   It affects your dexterity (+3).
   It greatly protects you from cold.
 g - the +10 long sword of Generosity (weapon) {speed, Str+3}
   (You found it on level 7 of the Dungeon)

   Attacks with this weapon are significantly faster.
   It affects your strength (+3).
 E - the +2 dagger of Annoyance {flame, +Blink}
   (You found it on level 3 of the Lair of Beasts)

   It has been specially enchanted to burn those struck by it, causing extra
   injury to most foes and up to half again as much damage against particularly
   susceptible opponents.
   It lets you blink.
 V - a +5 battleaxe
Missiles
 p - a throwing net (quivered)
Armour
 f - a +0 pair of boots (worn)
 m - a scarf of resistance (worn)
 s - the +0 ring mail of the Planets {+Fly rC- rN+++ MR+ Dex+4}
   (You found it on level 9 of the Dungeon)

   It affects your dexterity (+4).
   It makes you vulnerable to cold.
   It renders you almost immune to negative energy.
   It affects your resistance to hostile enchantments.
   It lets you fly.
 t - the +0 shield of Circular Logic {-Tele rElec Str-3 SInv}
   (You found it on level 3 of the Lair of Beasts)

   It affects your strength (-3).
   It insulates you from electricity.
   It lets you see invisible.
   It prevents most forms of teleportation.
 B - a +3 chain mail of cold resistance
 F - a +0 plate armour of cold resistance (worn)
 K - a +2 ring mail of fire resistance
 S - a +0 buckler (worn)
 X - the cursed +0 helmet "Oqoab" (worn) {rElec MP+9}
   (You found it on level 3 of the Lair of Beasts)

   It insulates you from electricity.
   It affects your magic capacity (+9).
   It has a curse placed upon it.
Jewellery
 a - an uncursed ring of resist corrosion
 A - an amulet of the acrobat (around neck)
 M - an uncursed ring of ice
 T - a ring of poison resistance (right hand)
 Y - a +3 ring of protection (left hand)
Wands
 i - a wand of clouds (5)
 r - a wand of polymorph (40)
 D - a wand of paralysis (19)
 I - a wand of iceblast (6)
 L - a wand of acid (18)
 W - a wand of enslavement (12)
 Z - a wand of disintegration (7)
Scrolls
 b - a scroll of vulnerability
 d - a scroll of blinking
 h - a scroll of silence {unknown}
 j - a scroll of enchant weapon
 k - 3 scrolls of fear
 n - a scroll of torment {unknown}
 o - a scroll of immolation
 u - 5 scrolls of remove curse
 w - 5 scrolls of enchant armour
 x - 2 scrolls of magic mapping
 y - 12 scrolls of teleportation
 C - 3 scrolls of fog
 O - 3 scrolls of amnesia
 R - a scroll of summoning {unknown}
Potions
 q - 2 potions of invisibility
 v - 3 potions of curing
 z - 3 potions of haste
 G - 3 potions of lignification
 J - 2 potions of heal wounds
 N - 2 potions of mutation
 P - 2 potions of might
 Q - a potion of cancellation
Comestibles
 c - 33 rations
 l - a chunk of flesh


   Skills:
 + Level 11.6 Fighting
 - Level 14.0 Long Blades
 - Level 11.3 Axes
 + Level 9.8 Armour
 + Level 8.5 Dodging
 - Level 4.0 Shields
 + Level 14.0 Invocations
 - Level 4.0 Evocations


You had 14 spell levels left.
You didn't know any spells.
Your spell library contained the following spells:

 Spells                   Type           Power        Failure   Level  Hunger
 Animate Skeleton         Necr           N/A          97%         1    ##.....
 Apportation              Tloc           #.....       97%         1    ##.....
 Beastly Appendage        Tmut           #.....       97%         1    ##.....
 Confusing Touch          Hex            #.....       97%         1    ##.....
 Flame Tongue             Conj/Fire      #....        97%         1    ##.....
 Magic Dart               Conj           #...         97%         1    ##.....
 Summon Small Mammal      Summ           #...         97%         1    ##.....
 Blink                    Tloc           N/A          99%         2    ###....
 Call Imp                 Summ           #.......     99%         2    ###....
 Searing Ray              Conj           #.....       99%         2    ###....
 Slow                     Hex            #.......     99%         2    ###....
 Sticks to Snakes         Tmut           #.......     99%         2    ###....
 Throw Flame              Conj/Fire      #.....       99%         2    ###....
 Conjure Flame            Conj/Fire      #.......     100%        3    ####...
 Dazzling Spray           Conj/Hex       #.....       100%        3    ####...
 Inner Flame              Hex/Fire       #.......     100%        3    ####...
 Mephitic Cloud           Conj/Pois/Air  #.......     100%        3    ####...
 Spider Form              Tmut/Pois      #.........   100%        3    ####...
 Force Lance              Conj/Tloc      #.......     100%        4    #####..
 Fulminant Prism          Conj/Hex       #.........   100%        4    #####..
 Ice Form                 Ice/Tmut       #.......     100%        4    #####..
 Iskenderun's Mystic Bla  Conj           #.......     100%        4    #####..
 Sticky Flame             Conj/Fire      #.......     100%        4    #####..
 Blade Hands              Tmut           #.........   100%        5    ######.
 Fireball                 Conj/Fire      #.........   100%        5    ######.


Dungeon Overview and Level Annotations

Branches:
Dungeon (11/15)            Temple (0/1) D:5            Lair (6/6) D:11
  Swamp (0/4) Lair:2       Spider (1/4) Lair:4        Slime (0/5) Lair:6
    Orc (2/2) D:11            Elf (0/3) Orc:2       Ossuary (visited)

Altars:
Ashenzari
Dithmenos
Fedhas
Gozag
Hepliaklqana
Makhleb
Nemelex Xobeh
Qazlal
Sif Muna
Trog
Uskayaw
Wu Jian
The Shining One
Jiyva

Shops:
D:8 }   D:10 *   Orc:2 ?!?}

Annotations:
Lair:5 3 runed translucent doors, Drago's ghost, journeyman MiFi; Kave's ghost, journeyman TrTm; dinosaur69's ghost, journeyman GnFi; massmudr's ghost, journeyman DsAK


Innate Abilities, Weirdness & Mutations

You are resistant to damage.
You can heal yourself by infusing magical energy.
You resist negative energy. (rN+)
You passively map the area around you.
You do not regenerate.
You have a somewhat thin skeletal structure. (Dex +2, Stealth)
You are somewhat resistant to further mutation.


Message History

* * * LOW HITPOINT WARNING * * *
The entropy weaver hits you!
* * * LOW HITPOINT WARNING * * *
The entropy weaver hits you!
* * * LOW HITPOINT WARNING * * *
The entropy weaver hits you.
* * * LOW HITPOINT WARNING * * *
Your ynoxinul gestures.
You feel much better.
You feel very sick. The redback bites you!
* * * LOW HITPOINT WARNING * * *
The redback closely misses you. The jumping spider barely misses you.
The jumping spider bites you.
* * * LOW HITPOINT WARNING * * *
Your ufetubus closely misses the jumping spider.
Your ufetubus hits the jumping spider.
Your ufetubus misses the jumping spider.
Your ufetubus hits the jumping spider. The entropy weaver hits you!
You die...

, ,..............### , , * ...
........##^.....## ,,, * ,
...######^...##......# #, , * ,
......#.##....#.....^#.. , ,
#........##...#....##... * * ,
..........≈#.##....#......^ * *
#.........≈≈##...)......... ,
....#.[...###....5........, ,,,,
... #...### #..s@s5.....########,
#.##....# ##.sa#3##..##..##..##
#.......# #.....#^.##...#....#
##..)..### ###......††....#...>#
##.......###..^..........^##....
#......^..##...^...........##...
##.......^..#...#....######......
.#...####..###.^#...##....#.....†
...††#..#####≈≈≈#..#≈#....##.†..#


You could see an entropy weaver, a jumping spider, 2 redbacks, a friendly
ynoxinul and 2 friendly ufetubi.

Vanquished Creatures
  Gastronok (Lair:1)
  An orc warlord (Orc:2)
  Snorg (Lair:5)
  A fire dragon (Lair:6)
  7 hydras
  2 two-headed ogres
  3 death yaks (Lair:5)
  5 orc high priests (Orc:2)
  Urug (Lair:3)
  Sonja (D:11)
  A deep elf knight (Orc:2)
  A fire crab (Lair:6)
  An unseen horror (D:10)
  2 oklob plants
  3 orc knights
  3 orc sorcerers (Orc:2)
  4 orb spiders (Spider:1)
  3 wolf spiders (Spider:1)
  A manticore (D:11)
  12 elephants
  8 black mambas
  3 molten gargoyles (Lair:6)
  Psyche (D:11)
  3 rime drakes
  15 spiny frogs
  13 komodo dragons
  2 demonic crawlers (Spider:1)
  3 jumping spiders (Spider:1)
  5 polar bears
  5 trolls
  A merfolk (D:10)
  2 hornets
  16 blink frogs
  4 dream sheep (Lair:6)
  4 hippogriffs
  8 tarantellas (Spider:1)
  4 redbacks (Spider:1)
  A shadow (D:11)
  28 yaks
  4 wyverns
  A human (D:10)
  A hungry ghost (D:9)
  8 basilisks
  3 steam dragons (Lair:6)
  2 wargs (Orc:2)
  A spatial vortex (D:6)
  6 water moccasins
  5 hell hounds (Lair:6)
  7 porcupines
  23 orc warriors
  8 black bears
  2 sky beasts
  6 phantoms
  2 eyes of draining
  2 ice beasts
  10 ogres
  7 wolves (Lair:2)
  2 centaurs
  8 bullfrogs
  12 crocodiles
  Blork the orc (D:5)
  3 big kobolds
  6 scorpions
  5 wights
  A vampire bat (Lair:6)
  2 howler monkeys
  7 crimson imps
  A centaur zombie (D:10)
  5 lava snakes (Lair:6)
  A quasit (D:6)
  A bullfrog zombie (D:8)
  35 orc priests
  2 bullfrog skeletons
  11 hounds
  4 jellies
  34 orc wizards
  A gnoll shaman (D:5)
  2 iguanas
  11 worker ants
  Terence (D:3)
  A killer bee zombie (D:6)
  A big kobold zombie (Ossuary)
  8 mummies (Ossuary)
  2 howler monkey zombies
  2 worker ant zombies
  2 howler monkey skeletons
  11 adders
  20 gnolls
  A shadow imp (D:7)
  An ooze (D:5)
  2 adder skeletons (D:4)
  7 worms
  6 dart slugs
  8 leopard geckos
  108 orcs
  10 bats
  5 giant cockroaches
  2 gnoll zombies (Ossuary)
  8 goblins
  4 hobgoblins
  14 jackals
  5 quokkas
  5 ball pythons
  4 frilled lizards
  A giant cockroach zombie (D:5)
  A goblin skeleton (D:6)
  4 goblin zombies (D:6)
  3 hobgoblin zombies
  27 kobolds
  A kobold skeleton (D:6)
  3 kobold zombies
  4 orc zombies
  2 quokka skeletons
  9 rats
726 creatures vanquished.

Vanquished Creatures (collateral kills)
  3 hydras
  A death yak (Lair:4)
  A hippogriff (Lair:6)
  A water moccasin (Lair:6)
  2 vampire bats (Lair:6)
8 creatures vanquished.

Vanquished Creatures (others)
  A deep elf mage (Orc:2)
  A fire vortex (D:10)
  8 fungi
  7 plants
17 creatures vanquished.

Grand Total: 751 creatures vanquished

Notes
Turn   | Place    | Note
-------+----------+-------------------------------------------
     0 | D:1      | Trogdor the Deep Dwarf Chaos Knight began the quest for the
                  | Orb.
     0 | D:1      | Reached XP level 1. HP: 20/20 MP: 1/1
    31 | D:1      | XOM: potion effect (invisibility)
    46 | D:1      | XOM: potion effect (berserk rage)
   215 | D:1      | XOM: silly message
   230 | D:1      | Reached XP level 2. HP: 27/27 MP: 2/2
   904 | D:2      | XOM: potion effect (brilliance)
   907 | D:2      | Reached XP level 3. HP: 33/33 MP: 3/3
   923 | D:2      | XOM: mild Pois miscast
  1005 | D:2      | Reached skill level 5 in Axes
  1025 | D:2      | XOM: divination: detect creatures
  1137 | D:2      | Reached XP level 4. HP: 32/40 MP: 4/4
  1175 | D:2      | XOM: divination: detect creatures
  1261 | D:2      | XOM: divination: detect items
  1532 | D:2      | XOM: god gift: ring mail {god gift}
  1583 | D:3      | Found a faded altar of an unknown god.
  1730 | D:3      | XOM: noise
  1739 | D:3      | Noticed Terence
  1758 | D:3      | Killed Terence
  1758 | D:3      | Reached XP level 5. HP: 22/48 MP: 4/4
  1887 | D:3      | XOM: smoke on damage
  1889 | D:3      | XOM: cast spell 'Summon Butterflies'
  1951 | D:3      | XOM: potion effect (invisibility)
  2239 | D:3      | XOM: harmless Summ miscast
  2243 | D:3      | XOM: silly message
  2283 | D:3      | XOM: silly message
  2290 | D:3      | Reached XP level 6. HP: 7/56 MP: 5/5
  2368 | D:3      | Found a stormy altar of Qazlal.
  2368 | D:3      | Found a burning altar of Makhleb.
  2374 | D:3      | Found a shadowy altar of Dithmenos.
  2377 | D:3      | Found an opulent altar of Gozag.
  2379 | D:3      | Found a shimmering blue altar of Sif Muna.
  2392 | D:3      | Fell from the grace of Xom
  2392 | D:3      | Became a worshipper of Makhleb the Destroyer
  2548 | D:4      | Noticed a sky beast
  2570 | D:3      | Killed a sky beast
  2653 | D:4      | Reached XP level 7. HP: 33/63 MP: 6/6
  2670 | D:4      | XOM: medium Ice miscast
  2670 | D:4      | HP: 2/64 [the capriciousness of Xom (18)]
  2683 | D:4      | Found a hide-covered altar of Uskayaw.
  2912 | D:4      | Reached * piety under Makhleb
  3012 | D:4      | Found a bloodstained altar of Trog.
  3289 | D:5      | Entered Level 5 of the Dungeon
  3304 | D:5      | XOM: enchant monster (good)
  3343 | D:5      | XOM: torment (36/66 hp)
  3531 | D:5      | Reached XP level 8. HP: 67/73 MP: 5/5
  3548 | D:5      | XOM: blink monster(s)
  3550 | D:5      | Reached skill level 5 in Fighting
  3679 | D:5      | Reached skill level 1 in Invocations
  3851 | D:5      | XOM: enchant monster (bad)
  3882 | D:5      | Noticed Blork the orc
  3898 | D:5      | Killed Blork the orc
  3999 | D:5      | Found an ornate altar of the Wu Jian Council.
  4058 | D:5      | Found a staircase to the Ecumenical Temple.
  4616 | D:6      | Found a glowing golden altar of the Shining One.
  4617 | D:6      | Reached ** piety under Makhleb
  4834 | D:6      | Reached skill level 10 in Axes
  4984 | D:6      | Found a shattered altar of Ashenzari.
  5087 | D:6      | XOM: cloud trail
  5330 | D:6      | XOM: medium Tloc miscast
  5520 | D:6      | XOM: god gift: ration
  5702 | D:7      | Gained mutation: You passively map the area around you.
                  | [Deep Dwarf growth]
  5702 | D:7      | Reached XP level 9. HP: 44/81 MP: 5/7
  5715 | D:7      | Reached skill level 5 in Armour
  5787 | D:7      | XOM: polymorph orc -> frilled lizard
  5953 | D:7      | XOM: medium Ice miscast
  6009 | D:7      | Reached *** piety under Makhleb
  6128 | D:7      | Found a sand-covered staircase.
  6146 | Ossuary  | Entered an ossuary
  6165 | Ossuary  | XOM: confusion (+ monsters)
  6214 | Ossuary  | Reached skill level 5 in Invocations
  6391 | D:7      | Got a brightly glowing long sword
  6392 | D:7      | Identified the +10 long sword of Generosity {speed, Str+3}
                  | (You found it on level 7 of the Dungeon)
  6419 | D:7      | XOM: noise
  6526 | D:8      | Reached skill level 1 in Long Blades
  6632 | D:8      | Found Obruxyd's Gadget Shop.
  6877 | D:8      | Reached **** piety under Makhleb
  7119 | D:8      | XOM: medium Air miscast
  7129 | D:8      | Found a hazy altar of Hepliaklqana.
  7165 | D:8      | Found a sparkling altar of Nemelex Xobeh.
  7345 | D:9      | Noticed a two-headed ogre
  7356 | D:9      | Killed a two-headed ogre
  7356 | D:9      | Reached skill level 1 in Shields
  7356 | D:9      | Reached XP level 10. HP: 57/88 MP: 0/7
  7385 | D:9      | Found a blossoming altar of Fedhas.
  7489 | D:9      | Reached ***** piety under Makhleb
  7548 | D:9      | Got a dazzling ring mail
  7580 | D:9      | Identified the cursed +0 ring mail of the Planets {+Fly rC-
                  | rN+++ MR+ Dex+4} (You found it on level 9 of the Dungeon)
  7627 | D:9      | Found a hazy altar of Hepliaklqana.
  7639 | D:9      | XOM: give mutations
  7639 | D:9      | Gained mutation: You tend to lose your temper in combat.
                  | [Xom's mischief]
  7639 | D:9      | Gained mutation: You occasionally shout uncontrollably at
                  | your foes. [Xom's mischief]
  7639 | D:9      | Lost mutation: You occasionally shout uncontrollably at
                  | your foes. [Xom's mischief]
  7672 | D:9      | XOM: enchant monster (good)
  7940 | D:10     | Entered Level 10 of the Dungeon
  8066 | D:10     | XOM: 3-stop teleportation journey
  8165 | D:10     | Found Kucouv's General Store.
  8284 | D:10     | Killed an unseen horror
  8416 | D:10     | Reached skill level 10 in Long Blades
  8432 | D:10     | XOM: mild Fire miscast
  8716 | D:10     | XOM: noise
  8829 | D:10     | XOM: give mutations
  8829 | D:10     | Gained mutation: You have a pair of small horns on your
                  | head. [Xom's grace]
  8829 | D:10     | Gained mutation: You have a pair of horns on your head.
                  | [Xom's grace]
  8829 | D:10     | Lost mutation: You tend to lose your temper in combat.
                  | [Xom's grace]
  8829 | D:10     | Gained mutation: You are resistant to hostile enchantments.
                  | (MR+) [Xom's grace]
  8910 | D:11     | Found a staircase to the Orcish Mines.
  8910 | D:11     | XOM: 1-stop teleportation journey
  8911 | D:11     | Noticed Psyche
  8911 | D:11     | Noticed a two-headed ogre
  8915 | D:11     | Killed Psyche
  8915 | D:11     | Reached XP level 11. HP: 71/94 MP: 8/8
  8921 | D:11     | Killed a two-headed ogre
  8963 | D:11     | XOM: 1-stop teleportation journey
  9003 | D:11     | XOM: cloud trail
  9004 | D:11     | Found a staircase to the Lair.
  9258 | D:11     | Noticed Sonja
  9268 | D:11     | Killed Sonja
  9851 | D:11     | XOM: give mutations
  9851 | D:11     | Gained mutation: You are weak. (Str -2) [Xom's mischief]
  9851 | D:11     | Gained mutation: You have large cloven feet. [Xom's
                  | mischief]
  9851 | D:11     | Lost mutation: You are resistant to hostile enchantments.
                  | (MR+) [Xom's mischief]
 10067 | Lair:1   | Entered Level 1 of the Lair of Beasts
 10205 | Lair:1   | Noticed Gastronok
 10223 | Lair:1   | Killed Gastronok
 10306 | Lair:1   | XOM: noise
 10306 | Lair:1   | Was forgiven by Xom
 10842 | Lair:2   | Found a staircase to the Swamp.
 10980 | Lair:2   | Reached ****** piety under Makhleb
 11591 | Lair:3   | Reached XP level 12. HP: 102/103 MP: 10/10
 11635 | Lair:3   | Noticed Urug
 11654 | Lair:3   | Killed Urug
 11761 | Lair:3   | Got a steaming shield
 11772 | Lair:3   | Identified the +0 shield of Circular Logic {-Tele rElec
                  | Str-3 SInv} (You found it on level 3 of the Lair of Beasts)
 11887 | Lair:3   | Got a brightly glowing dagger
 11892 | Lair:3   | Identified the +2 dagger of Annoyance {flame, +Blink} (You
                  | found it on level 3 of the Lair of Beasts)
 12125 | Lair:3   | Got a faintly glowing helmet
 12845 | Lair:4   | Found a hole to the Spider Nest.
 12907 | Lair:4   | Noticed a four-headed hydra
 12928 | Lair:4   | Killed a four-headed hydra
 12928 | Lair:4   | Reached XP level 13. HP: 112/117 MP: 13/13
 13041 | Lair:4   | Reached skill level 1 in Evocations
 13193 | Lair:4   | Reached skill level 5 in Dodging
 13540 | Lair:5   | Found a runed translucent gate.
 13540 | Lair:5   | Found a runed translucent gate.
 13540 | Lair:5   | Found a runed translucent gate.
 13897 | Lair:5   | Reached skill level 10 in Invocations
 14198 | Lair:5   | You fall into a shaft and drop 1 floor!
 14198 | Lair:6   | Entered Level 6 of the Lair of Beasts
 14339 | Lair:5   | Noticed Snorg
 14347 | Lair:5   | Killed Snorg
 14453 | Lair:5   | Noticed Drago's ghost (journeyman MiFi)
 14454 | Lair:5   | Noticed Kave's ghost (journeyman TrTm)
 14454 | Lair:5   | Noticed dinosaur69's ghost (journeyman GnFi)
 14460 | Lair:5   | Noticed massmudr's ghost (journeyman DsAK)
 14722 | Lair:6   | Gained mutation: You resist negative energy. (rN+) [Deep
                  | Dwarf growth]
 14722 | Lair:6   | Reached XP level 14. HP: 130/130 MP: 16/16
 14836 | Lair:6   | Found a viscous altar of Jiyva.
 14838 | Lair:6   | Found a staircase to the Slime Pits.
 15097 | Lair:6   | Reached skill level 10 in Fighting
 15349 | Lair:6   | Lost mutation: You have a pair of horns on your head.
                  | [potion of mutation]
 15349 | Lair:6   | Lost mutation: You have a pair of small horns on your head.
                  | [potion of mutation]
 15349 | Lair:6   | Lost mutation: You have large cloven feet. [potion of
                  | mutation]
 15349 | Lair:6   | Lost mutation: You are weak. (Str -2) [potion of mutation]
 15349 | Lair:6   | Gained mutation: You are somewhat resistant to further
                  | mutation. [potion of mutation]
 15349 | Lair:6   | Gained mutation: You have a somewhat thin skeletal
                  | structure. (Dex +2, Stealth) [potion of mutation]
 15360 | Lair:6   | Identified the cursed +0 helmet "Oqoab" {rElec MP+9} (You
                  | found it on level 3 of the Lair of Beasts)
 15599 | Lair:6   | Found a large runed translucent door.
 15599 | Lair:6   | Found a large runed translucent door.
 15949 | Orc:1    | Entered Level 1 of the Orcish Mines
 16327 | Orc:2    | Entered Level 2 of the Orcish Mines
 16676 | Orc:2    | Found a staircase to the Elven Halls.
 17022 | Orc:2    | Found Folerid's Magic Scroll Shop.
 17022 | Orc:2    | Found Coli Romp's Gadget Shop.
 17035 | Orc:2    | Found Wimp's Magic Scroll Boutique.
 17035 | Orc:2    | Found Wics's Distillery.
 17245 | Orc:2    | Identified the +9 scimitar of Darkness {pain, rC++ Int-2
                  | Dex+3}
 17245 | Orc:2    | Identified the cursed +0 chain mail of Wamimib {-Cast rElec
                  | rC+ Dex+2}
 17326 | Orc:2    | Noticed an orc warlord
 17355 | Orc:2    | Killed an orc warlord
 17778 | Spider:1 | Entered Level 1 of the Spider Nest
 18025 | Spider:1 | Reached XP level 15. HP: 58/142 MP: 18/18
 18114 | Spider:1 | HP: 6/142 [entropy weaver (7)]
 18115 | Spider:1 | Slain by an entropy weaver

Levels and vault maps discovered:
D:1:      sevenhm_arrival_forest_fort_small_3, layout_basic, kennysheep_boxes
D:2:      layout_basic
D:3:      layout_basic, chequers_temple_overflow_minitemple,
          chequers_ecumenical_altar_simple_redux, uniq_terence
D:4:      layout_basic, trog_eyes_of_draining, eat_drink_and_be_merry_uskayaw,
          first_ration
D:5:      layout_basic, lemuel_round_altar, temple_pool_b, minmay_small_thing,
          uniq_blork_the_orc
D:6:      layout_layer_cave, nicolae_tso_besieged_by_evil, kennysheep_mini_moat
D:7:      layout_basic, nicolae_ossuary_entry_ruins
D:8:      layout_gridville, marbit_many_paths,
          nemelex_xobeh_ov_fountains_minmay, serial_shops, shop_fountains
D:9:      layout_roguey, fedhas_altar_1, basic_altar
D:10:     layout_cave_pods, serial_shops, nicolae_shop_waterfront,
          hangedman_stone_soup, eino_small_chamber_without_monster, st_stairs_8
D:11:     layout_basic, david_lair_shrubbed, serial_co_window_serial,
          co_window_paths_a, co_window_paths_b, co_window_corner_a,
          co_window_paths_a, co_window_of_opportunity_a, co_window_corner_a,
          co_window_broadway_a, co_window_cross_4, co_window_of_opportunity_c,
          co_window_unsneaky_path_c, co_window_corner_ca,
          co_window_of_opportunity_c, glass_columns_a, glass_columns_c,
          uniq_sonja, uniq_psyche
Lair:1:   layout_regular_city, grunt_megastairs_2, uniq_gastronok
Lair:2:   beast_lair_carwin_large_3, layout_cave_pods, swamp_mist
Lair:3:   beast_lair_carwin_large_1, layout_regular_city, grunt_megastairs_5,
          serial_bayou_shore_b, uniq_urug
Lair:4:   layout_regular_city, nicolae_spider_entry_non_spiders,
          eino_small_chamber_without_monster
Lair:5:   layout_concentric_octagons, gammafunk_ghost_cemetery, uniq_snorg
Lair:6:   cheibrodos_lair_end_hotspot, layout_misc_corridors, slime_altar_1,
          roderic_batcave
Spider:1: layout_spider_delve, drop_trap
Orc:1:    layout_caves
Orc:2:    st_orc_mages, layout_caves, nicolae_orc_rockfall, elf_legates
